 Dungeon Crawl Stone Soup version bcrawl-1.34.3 (webtiles) character file.

Game seed: 11832763865550918157

467476 KristoblXynda the Covert (level 13, -5/92 HPs)
             Began as a Kobold Gladiator on Oct 16, 2021.
             Was a Believer of Ashenzari.
             Killed from afar by an efreet (28 damage)
             ... with a fireball
             ... on level 12 of the Dungeon.
             The game lasted 00:23:09 (12170 turns).

KristoblXynda the Covert (Kobold Gladiator)        Turns: 12170, Time: 00:23:10

Health: -5/92      AC: 11    Str: 19    XL:     13   Next: 36%
Magic:  16/16      EV: 24    Int: 14    God:    Ashenzari [**....]
Gold:   935        SH:  2    Dex: 17    Spells: 12/12 levels left

rFire    . . .     SeeInvis +   y - +4 dagger (elec)
rCold    . . .     Gourm    .   (shield restricted)
rNeg     . . .     Faith    .   J - +0 troll leather armour
rPois    .         Spirit   .   c - +1 helmet
rElec    .         Reflect  +   I - +0 cloak
rCorr    .         Harm     .   (no gloves)
MR       .....                  K - +0 pair of boots (curse)
Stlth    +++++.....             k - amulet of Divine Intervention {Reflect +Blink Int+2 SH+2 SInv}
HPRegen  0.65/turn              a - +5 ring of strength (curse)
MPRegen  0.15/turn              (no ring)

@: no status effects
A: small, talons 1, carnivore, mutation resistance 1, sense surroundings 2
a: Curse Item, Scrying, Renounce Religion, Evoke Blink


You were on level 12 of the Dungeon.
You worshipped Ashenzari.
Ashenzari was pleased with you.
You were not hungry.

You visited 2 branches of the dungeon, and saw 13 of its levels.
You also visited: Ossuary.

You collected 1130 gold pieces.
You spent 195 gold pieces at shops.

Inventory:

Hand Weapons
 t - a +4 dagger of freezing
 y - a +4 dagger of electrocution (weapon)
Missiles
 d - a throwing net (quivered) {=f}
Armour
 c - a +1 helmet (worn)
 I - a +0 cloak (worn)
 J - a +0 troll leather armour (worn)
 K - a cursed +0 pair of boots (worn)
Jewellery
 a - a cursed +5 ring of strength (left hand)
 k - the amulet of Divine Intervention (around neck) {Reflect +Blink Int+2 SH+2 SInv}
   (You found it on level 9 of the Dungeon)

   [amulet of reflection]

   It shields you and reflects attacks.
   It affects your intelligence (+2).
   It lets you see invisible.
   It lets you blink.
   It affects your SH (+2).
Wands
 b - a wand of iceblast (2)
 h - a wand of scattershot (3)
 D - a wand of clouds (3)
 H - a wand of paralysis (5)
Scrolls
 g - 3 scrolls of magic mapping
 i - a scroll of identify
 l - 4 scrolls of teleportation
 m - a scroll of amnesia
 n - 7 scrolls of immolation
 p - 7 scrolls of remove curse
 x - 3 scrolls of fog
 C - a scroll of blinking
 G - 4 scrolls of fear
Potions
 j - a potion of might
 q - 4 potions of resistance
 r - 2 potions of brilliance {unknown}
 s - 8 potions of haste
 u - 3 potions of mutation
 v - 4 potions of agility
 w - 3 potions of curing
 z - 6 potions of flight
 A - 4 potions of magic
 E - 4 potions of ambrosia
 F - 3 potions of cancellation
Miscellaneous
 o - a fan of gales (2/2)
 B - a box of beasts
Comestibles
 e - 24 rations {!d}
 L - a chunk of flesh


   Skills:
 - Level 10.2 Fighting
 + Level 12.9 Short Blades
 - Level 2.6 Throwing
 + Level 9.6 Armour
 + Level 12.0 Dodging
 + Level 13.3 Stealth
 + Level 5.0 Evocations


You had 12 spell levels left.
You didn't know any spells.
Your spell library contained the following spells:

 Spells                   Type           Power        Failure   Level  Hunger
 Apportation              Tloc           #.....       32%         1    None
 Infusion                 Chrm           #.......     32%         1    None
 Magic Dart               Conj           #...         32%         1    None
 Sandblast                Erth           #.....       32%         1    None
 Slow                     Hex            #.......     32%         1    None
 Summon Butterflies       Summ           #.......     32%         1    None
 Blink                    Tloc           N/A          45%         2    ####...
 Call Imp                 Summ           #.....       45%         2    ####...
 Corpse Rot               Necr           N/A          45%         2    ####...
 Poisonous Vapours        Pois/Air       #.....       45%         2    ####...
 Searing Ray              Conj           #.......     45%         2    ####...
 Conjure Flame            Conj/Fire      #.......     69%         3    #####..
 Iskenderun's Mystic Bla  Conj           #.......     69%         3    #####..
 Mephitic Cloud           Conj/Pois/Air  #.......     69%         3    #####..
 Spider Form              Tmut/Pois      #..          69%         3    #####..
 Stone Arrow              Conj/Erth      #.....       69%         3    #####..
 Fulminant Prism          Conj/Hex       #.........   97%         4    ######.
 Tree Form                Hex/Tmut       N/A          97%         4    ######.
 Irradiate                Conj/Tmut      #.........   100%        5    #######
 Summon Forest            Summ/Tloc      #.........   100%        5    #######
 Freezing Cloud           Ice/Air        #.........   100%        6    #######
 Poison Arrow             Conj/Pois      #.........   100%        6    #######
 Steam Barrier            Chrm/Fire      #.........   100%        6    #######
 Summon Hydra             Summ           #.........   100%        6    #######


Dungeon Overview and Level Annotations

Branches:
Dungeon (12/12)            Temple (1/1) D:7            Lair (0/6) D:9
    Orc (0/1) D:11         Depths (0/5) D:12
 Vaults: D:11-12

Altars:
Ashenzari
Cheibriados
Dithmenos
Elyvilon
Fedhas
Gozag
Hepliaklqana
Kikubaaqudgha
Lugonu
Makhleb
Nemelex Xobeh
Okawaru
Qazlal
Ru
Sif Muna
Trog
Uskayaw
Vehumet
Wu Jian
Xom
Yredelemnul
Zin
The Shining One

Shops:
D:5 *   D:6 (   D:7 (   D:8 %   D:12 [[

Portals:
Trove: D:8 (give +7 demon trident)

Annotations:
D:4 2 runed doors
D:9 exclusion: obsidian statue


Innate Abilities, Weirdness & Mutations

You are small and have problems with some larger weapons.
You have sharp toenails.
You are carnivorous and can eat meat at any time.
You are somewhat resistant to further mutation.
You passively map the area around you.


Message History

The fireball explodes!
The fireball engulfs you!!
* * * LOW HITPOINT WARNING * * *
You hear two shouts!
You hear a shout!
No path to travel!
You feel much better.
Evoke which item? (* to show all) (? for menu, Esc to quit)
Aiming: Paralyse
Press: ? - help, Shift-Dir - straight line, f - efreet
Aim: an efreet, wielding a +1 scimitar of flaming (chance to defeat MR: 61%)
The efreet resists with significant effort.
The efreet gestures at you. The bolt of fire misses you.
Evoke which item? (* to show all) (? for menu, Esc to quit)
Aiming: Paralyse
Press: ? - help, Shift-Dir - straight line, f/p - efreet
Aim: an efreet, wielding a +1 scimitar of flaming (chance to defeat MR: 61%)
The efreet resists with significant effort.
The efreet gestures at you.
The fireball explodes!
The fireball engulfs you!!
You die...

#.........########....##
#................#...(..
#.........[......#...._.
#................#......
#(...............###.###
#................###.#*
*######................**
* ,
.........#..∩...........
, , ,
.##.○.@)#...Z.#.8......
,,
......R#.#####.........P
, ######.#.# * ..........
, , ,, #.#+# ,
,,.PP...... * , #. ,,,
.P.P8.P8. ,* #. ,
.P..[>.P *, ∩ #. , ,,,
.8.P.... * , ,* #. ,,, ,
,, .... * , , ,,, , ....


You could see an efreet.

Vanquished Creatures
  A hydra (D:10)
  A centaur warrior (D:11)
  6 two-headed ogres
  An ogre mage (D:9)
  Nergalle (D:9)
  4 skeletal warriors
  An unseen horror (D:11)
  3 manticores
  A deep elf mage (D:11)
  A stone giant zombie (D:12)
  A wolf spider (D:11)
  An ugly thing (D:10)
  7 centaur skeletons
  A gargoyle (D:10)
  3 trolls
  6 slime creatures
  4 hippogriffs
  2 dream sheep (D:10)
  A spriggan zombie (D:12)
  4 yaks
  2 basilisks (D:9)
  2 wargs (D:11)
  Menkaure (D:6)
  An orc warrior (D:11)
  4 phantoms
  An eye of draining (D:11)
  3 ice beasts
  2 sky beasts
  7 ogres
  A necrophage (D:10)
  9 centaurs
  5 bullfrogs
  4 big kobolds
  Blork the orc (D:6)
  A wyvern zombie (D:8)
  6 killer bees (D:10)
  8 wights
  2 howler monkeys
  5 orc priests
  7 crimson imps
  2 quasits
  2 hounds
  A bullfrog skeleton (D:4)
  2 jellies (D:11)
  9 orc wizards
  Jessica (D:2)
  Ijyb (D:3)
  6 worker ants
  2 hound skeletons
  6 mummies (Ossuary)
  A worker ant zombie (D:8)
  Robin (D:3)
  3 adders
  4 gnolls
  3 oozes
  2 adder zombies (D:8)
  An adder skeleton (D:4)
  2 worms (D:3)
  2 dart slugs
  7 leopard geckos
  26 orcs
  A giant cockroach (D:1)
  13 goblins
  7 hobgoblins
  7 jackals
  6 quokkas
  2 bats
  3 frilled lizards (D:1)
  A hobgoblin zombie (Ossuary)
  12 kobolds
  13 rats
271 creatures vanquished.

Vanquished Creatures (collateral kills)
  Erica (D:8)
1 creature vanquished.

Vanquished Creatures (others)
  2 withered plants (D:12)
2 creatures vanquished.

Grand Total: 274 creatures vanquished

Notes
Turn   | Place    | Note
-------+----------+-------------------------------------------
     0 | D:1      | KristoblXynda the Kobold Gladiator began the quest for the
                  | Orb.
     0 | D:1      | Reached XP level 1. HP: 16/16 MP: 1/1
    23 | D:1      | Reached skill level 1 in Stealth
    23 | D:1      | Reached XP level 2. HP: 14/21 MP: 2/2
   347 | D:1      | Reached XP level 3. HP: 26/26 MP: 3/3
  1105 | D:2      | Reached skill level 2 in Stealth
  1117 | D:2      | Noticed Jessica
  1120 | D:2      | Killed Jessica
  1121 | D:2      | Reached XP level 4. HP: 33/33 MP: 4/4
  1213 | D:2      | Found a white marble altar of Elyvilon.
  1575 | D:2      | Found a shimmering altar of Xom.
  1695 | D:3      | Noticed Robin
  1902 | D:3      | Killed Robin
  1968 | D:3      | Reached XP level 5. HP: 31/37 MP: 5/5
  2027 | D:3      | Reached skill level 5 in Short Blades
  2128 | D:3      | Noticed Ijyb
  2147 | D:3      | Killed Ijyb
  2148 | D:3      | Reached skill level 3 in Stealth
  2616 | D:3      | Reached skill level 1 in Armour
  2672 | D:3      | Reached XP level 6. HP: 43/43 MP: 6/6
  2843 | D:3      | Found a white marble altar of Elyvilon.
  3554 | D:4      | Found a large runed door.
  3558 | D:4      | Found a large runed door.
  3567 | D:4      | Reached skill level 5 in Dodging
  3569 | D:4      | Noticed a phantom
  3605 | D:4      | Killed a phantom
  3606 | D:4      | Reached skill level 4 in Stealth
  3606 | D:4      | Reached XP level 7. HP: 8/49 MP: 7/7
  3698 | D:4      | Found a large runed door.
  3698 | D:4      | Found a large runed door.
  3841 | D:4      | Reached skill level 5 in Fighting
  4302 | D:4      | Reached skill level 5 in Stealth
  4383 | D:5      | Entered Level 5 of the Dungeon
  4383 | D:5      | Found Vywn's Assorted Antiques.
  4446 | D:5      | Reached XP level 8. HP: 42/55 MP: 8/8
  4460 | D:5      | Found a sand-covered staircase.
  4469 | Ossuary  | Entered an ossuary
  4924 | D:5      | Found a sparkling altar of Nemelex Xobeh.
  4980 | D:5      | Found a glowing golden altar of the Shining One.
  4980 | D:5      | Found a hazy altar of Hepliaklqana.
  5165 | D:6      | Reached skill level 6 in Stealth
  5191 | D:6      | Noticed Blork the orc
  5200 | D:6      | Killed Blork the orc
  5552 | D:6      | Found Luregaas's Weapon Shop.
  5688 | D:6      | Noticed Menkaure
  5707 | D:6      | Killed Menkaure
  5708 | D:6      | Reached XP level 9. HP: 39/62 MP: 9/9
  6086 | D:7      | Got an encrusted quarterstaff
  6100 | D:7      | Found a staircase to the Ecumenical Temple.
  6128 | Temple   | Entered the Ecumenical Temple
  6216 | Temple   | Became a worshipper of Ashenzari the Shackled
  6217 | Temple   | Found the cursed amulet of Vision {SInv *Curse}
  6466 | D:7      | Reached skill level 7 in Stealth
  6492 | D:7      | Found an ornate altar of the Wu Jian Council.
  6815 | D:7      | Found Iqewkiy's Antique Weapon Emporium.
  7017 | D:8      | Reached skill level 5 in Armour
  7094 | D:8      | Found Orio's Food Boutique.
  7121 | D:8      | Noticed a green death
  7122 | D:8      | Found a burning altar of Makhleb.
  7124 | D:8      | Found a glowing silver altar of Zin.
  7125 | D:8      | Noticed an angel
  7142 | D:8      | Reached skill level 8 in Stealth
  7303 | D:8      | Reached XP level 10. HP: 70/71 MP: 10/10
  7395 | D:8      | Noticed Erica
  7411 | D:8      | Noticed a two-headed ogre
  7418 | D:8      | Killed Erica
  7419 | D:8      | Reached skill level 9 in Stealth
  7432 | D:8      | Found a portal to a secret trove of treasure.
  7443 | D:8      | Killed a two-headed ogre
  7815 | D:9      | Noticed an obsidian statue
  7842 | D:9      | Noticed Nergalle
  7849 | D:9      | Killed Nergalle
  7850 | D:9      | Reached skill level 10 in Short Blades
  7850 | D:9      | Reached skill level 10 in Stealth
  7850 | D:9      | Reached XP level 11. HP: 78/78 MP: 11/11
  7871 | D:9      | Reached * piety under Ashenzari
  8086 | D:9      | Noticed a two-headed ogre
  8087 | D:9      | Noticed an ogre mage
  8088 | D:9      | Noticed a two-headed ogre
  8089 | D:9      | Noticed a two-headed ogre
  8095 | D:9      | Killed a two-headed ogre
  8098 | D:9      | Killed an ogre mage
  8104 | D:9      | Killed a two-headed ogre
  8119 | D:9      | Killed a two-headed ogre
  8120 | D:9      | Reached skill level 10 in Dodging
  8265 | D:9      | Found a staircase to the Lair.
  8372 | D:9      | Identified the amulet of Divine Intervention {Reflect
                  | +Blink Int+2 SH+2 SInv}
  8392 | D:9      | Reached skill level 11 in Stealth
  8619 | D:9      | Noticed a two-headed ogre
  8626 | D:9      | Killed a two-headed ogre
  8741 | D:10     | Entered Level 10 of the Dungeon
  8990 | D:10     | Reached XP level 12. HP: 67/87 MP: 12/12
  9149 | D:10     | Noticed a two-headed hydra
  9158 | D:10     | Killed a two-headed hydra
  9199 | D:10     | Got the cursed hunting sling of a bazaar {freeze, Fragile
                  | Int+6}
  9494 | D:10     | Reached skill level 10 in Fighting
 10164 | D:11     | Noticed a centaur warrior
 10176 | D:11     | Reached skill level 12 in Stealth
 10195 | D:11     | Killed a centaur warrior
 10229 | D:11     | Noticed an unseen horror
 10245 | D:11     | Killed an unseen horror
 10292 | D:11     | Reached skill level 1 in Evocations
 10335 | D:11     | Found a staircase to the Orcish Mines.
 10366 | D:11     | Noticed a skeletal warrior
 10367 | D:11     | Noticed a skeletal warrior
 10368 | D:11     | Noticed a skeletal warrior
 10389 | D:11     | Killed a skeletal warrior
 10406 | D:11     | Killed a skeletal warrior
 10573 | D:11     | Killed a skeletal warrior
 11310 | D:11     | Reached XP level 13. HP: 55/92 MP: 15/15
 11410 | D:12     | Entered Level 12 of the Dungeon
 11558 | D:12     | Reached skill level 13 in Stealth
 11758 | D:12     | Reached ** piety under Ashenzari
 11766 | D:12     | Found a staircase to the Depths.
 11920 | D:12     | Found a burning altar of Makhleb.
 11927 | D:12     | Got the whip of Gallantry {vamp, Int+6}
 11940 | D:12     | Found Xunwischumn's Antique Armour Emporium.
 11946 | D:12     | Bought a pair of embroidered boots for 195 gold pieces
 12118 | D:12     | Found Kymikiry's Antique Armour Shoppe.
 12165 | D:12     | Reached skill level 5 in Evocations
 12165 | D:12     | HP: 4/92 [efreet/fireball (18)]
 12170 | D:12     | Killed from afar by an efreet

Skill      XL: |  1  2  3  4  5  6  7  8  9 10 11 12 13 |
---------------+----------------------------------------+-----
Stealth        | 1 2 3 4 5 6 8 10 11 12 13 | 13.3
Dodging        | 4 5 6 7 9 10 11 12 | 12.0
Fighting       | 4 5 6 7 8 9 10 | 10.2
Short Blades   | 5 6 7 8 10 11 12 | 12.9
Armour         | 1 2 3 4 5 6 7 9 |  9.6
Evocations     | 3 5 |  5.0
Throwing       | |  2.6

Action                   |  1- 3 |  4- 6 |  7- 9 | 10-12 | 13-15 || total
-------------------------+-------+-------+-------+-------+-------++-------
Melee: Rapier            |    64 |    22 |       |       |       ||    86
       Kick              |    13 |    41 |   101 |   214 |    47 ||   416
       Dagger            |       |   114 |   265 |   524 |   133 ||  1036
       Unarmed           |       |     8 |       |       |       ||     8
Throw: Throwing net      |       |       |       |     5 |     1 ||     6
Invok: Curse Item        |       |       |     1 |       |       ||     1
Evoke: Box of beasts     |       |       |       |     1 |       ||     1
       Wand              |       |       |       |     3 |     2 ||     5
  Use: Scroll            |     2 |     2 |    10 |    10 |     3 ||    27
       Potion            |       |       |     1 |     6 |     1 ||     8
 Stab: Sleeping          |     8 |     5 |    10 |     8 |     4 ||    35
       Held in net/web   |       |       |       |     4 |     2 ||     6
       Distracted        |       |       |       |     2 |       ||     2
  Eat: Chunk             |     3 |    11 |    13 |    16 |     5 ||    48
       Ration            |       |       |     1 |     2 |       ||     3
Armor: Leather armour    |    12 |    18 |    12 |       |       ||    42
       Skin              |       |     1 |       |       |       ||     1
       Ring mail         |       |       |    14 |    55 |       ||    69
       Troll leather arm |       |       |       |       |     6 ||     6
Dodge: Dodged            |    63 |    86 |   162 |   356 |    56 ||   723
Block: Other             |       |       |       |    16 |     1 ||    17
